 Dungeon Crawl Stone Soup version 0.22-a0-283-g1871b15 (webtiles) character file.

46 newphone the Conjurer (level 3, -3/19 HPs)
             Began as a Kobold Conjurer on Mar 18, 2018.
             Slain by an adder (4 damage)
             ... on level 2 of the Dungeon.
             The game lasted 00:05:22 (2276 turns).

newphone the Conjurer (Kobold Conjurer)             Turns: 2276, Time: 00:05:23

Health: -3/19      AC:  4    Str:  3 (5)  XL:     3   Next: 95%
Magic:  6/6        EV: 15    Int: 15 (17) God:
Gold:   72         SH:  0    Dex: 12 (15) Spells: 3/6 levels left

rFire    . . .     SeeInvis .   k - +0 quarterstaff
rCold    . . .     Gourm    .   (shield currently unavailable)
rNeg     . . .     Faith    .   a - +0 robe
rPois    .         Spirit   .   (no helmet)
rElec    .         Reflect  .   i - +1 cloak
rCorr    .         Harm     .   (no gloves)
MR       .....                  (no boots)
Stlth    ++........             (no amulet)
HPRegen  0.06/turn              (no ring)
MPRegen  0.10/turn              (no ring)

@: lethally poisoned (-3 -> -15)
A: small, carnivore
a: no special abilities


You were on level 2 of the Dungeon.
You were very full.

You visited 1 branch of the dungeon, and saw 3 of its levels.

You collected 72 gold pieces.

Inventory:

Hand Weapons
 f - a +0 dagger
 h - a +2 hunting sling of freezing
 k - a +0 quarterstaff (weapon)
Missiles
 g - 6 needles of frenzy
 p - 43 stones (quivered)
Armour
 a - a +0 robe (worn)
 i - a +1 cloak (worn)
Jewellery
 b - a +3 ring of protection {unknown}
Scrolls
 l - 3 scrolls of teleportation
Potions
 e - a potion of cancellation
Comestibles
 c - 5 rations


   Skills:
 - Level 2.5 Dodging
 - Level 2.7 Stealth
 - Level 2.2 Spellcasting
 + Level 5.2 Conjurations


You had 3 spell levels left.
You knew the following spells:

 Your Spells              Type           Power        Failure   Level  Hunger
a - Magic Dart            Conj           ###.         2%          1    #......
b - Searing Ray           Conj           ###...       3%          2    ###....


Dungeon Overview and Level Annotations

Branches:
Dungeon (3/15)

Altars:


Innate Abilities, Weirdness & Mutations

You are small and have problems with some larger weapons.
You are carnivorous and can eat meat at any time.


Message History

You feel sick.
You feel sick.
Found 12 gold pieces.
You feel sick. The adder bites you.
Okay, then.
As you read the scroll labeled OKKAN ALIROAM, it crumbles to dust.
You hear a loud clanging noise!
It was a scroll of noise.
You feel sick.
You hear a shout! x3
The adder bites you.
* * * LOW HITPOINT WARNING * * *
As you read the scroll labeled YZOURU BARCHUIM, it crumbles to dust.
You feel blessed for a moment.
It was a scroll of remove curse.
The adder bites you.
* * * LOW HITPOINT WARNING * * *
You are more poisoned.
The adder poisons you!
* * * LOW HITPOINT WARNING * * *
You feel sick. The adder bites you.
You die...

#.# #.#.# #.#
#.#######.#.#. #.#
#........w#.#. #$#
########..#... .. #.#
##..#.## #. #.# #...)... #
#. #.# ##.##.## #.#. #.#
#.# .# ####.#.## #@# #.#
.# ........# #S# ..# .#
≈.≈≈≈≈..###S### ### w#
≈.≈≈≈≈..K.KS..# ..
≈.≈≈≈≈.#(##.#.######## .#
≈.≈≈≈≈.#..............
..≈≈≈≈....#(#.############
..........#.#.###........#
.≈≈≈≈≈.#....#...').......#


You could see 3 adders and a kobold.

Vanquished Creatures
  An adder (D:2)
  An ooze (D:2)
  3 orcs
  3 bats
  3 giant cockroaches
  3 goblins
  4 hobgoblins
  3 kobolds
  A frilled lizard (D:1)
  6 rats
28 creatures vanquished.

Notes
Turn   | Place    | Note
-------+----------+-------------------------------------------
     0 | D:1      | newphone the Kobold Conjurer began the quest for the Orb.
     0 | D:1      | Reached XP level 1. HP: 10/10 MP: 3/3
   635 | D:1      | Reached XP level 2. HP: 15/15 MP: 3/5
  1178 | D:2      | Learned a level 2 spell: Searing Ray
  1252 | D:2      | Reached XP level 3. HP: 15/19 MP: 0/6
  1541 | D:2      | Reached skill level 5 in Conjurations
  2276 | D:2      | Slain by an adder

Vault maps used:
D:1:      lemuel_arrival_river_bridge
D:2:      marbit_many_paths, minivault_14, uniq_sigmund
D:3:      lemuel_round_altar, chequers_ecumenical_altar_island,
          minmay_misc_feat_tower

Skill      XL: |  1  2  3 |
---------------+----------+-----
Conjurations   | 5 |  5.2
Dodging        | |  2.5
Stealth        | |  2.7
Spellcasting   | |  2.2

Action                   || total
-------------------------++-------
Melee: Dagger            ||    98
       Quarterstaff      ||     4
 Cast: Magic Dart        ||    29
       Searing Ray       ||     5
  Use: Potion            ||     6
       Scroll            ||     5
 Stab: Sleeping          ||     3
  Eat: Chunk             ||    11
Armor: Robe              ||    23
Dodge: Dodged            ||   102

Table legend:
 A = Spawn XP
 B = Non-spawn XP
 C = Spawn XP percentage of total XP
 D = Spawn monster count
 E = Non-spawn monster count
 F = Spawn count percentage of total count
 G = Total turns spent on level
                    A         B        C        D         E        F      G
               +---------+---------+-------+---------+---------+-------+---------
         Total |       0 |      67 |   0.0 |       0 |      28 |   0.0 |  2276
               +---------+---------+-------+---------+---------+-------+---------
           D:1 |       0 |      18 |   0.0 |       0 |      12 |   0.0 |  1325
           D:2 |       0 |      40 |   0.0 |       0 |      11 |   0.0 |   802
           D:3 |       0 |       9 |   0.0 |       0 |       5 |   0.0 |   149
               +---------+---------+-------+---------+---------+-------+---------
